 Dungeon Sprint DCSS version 0.30-a0-1160-g6e42c06551 (webtiles) character file.

Game seed: 13958409085953201789

1308 FlurksSlurper the Covert (level 8, -1/69 HPs)
             Began as a Gnoll Brigand on Apr 26, 2023.
             Was an Initiate of Gozag.
             Shot with a bolt by a yaktaur (14 damage)
             ... in the Dungeon (Sprint V: "Ziggurat Sprint").
             The game lasted 00:01:35 (187 turns).

FlurksSlurper the Covert (Gnoll Brigand)             Turns: 187, Time: 00:01:36

Health: -1/69      AC:  5    Str: 11    XL:     8   Next: 58%
Magic:  18/18      EV: 18    Int: 11    God:    Gozag
Gold:   693        SH:  0    Dex: 23    Spells: 21/21 levels left

rFire   . . .        a - +27 heavy crossbow "Sniper" {heavy, Acc+∞ SInv}
rCold   . . .        (shield currently unavailable)
rNeg    . . .        F - +2 robe of Lycipur {Fly Dex-4 SInv Archmagi}
rPois   .            (no helmet)
rElec   .            c - +0 cloak
rCorr   .            (no gloves)
SInv    +            (no boots)
Will    .....        (no amulet)
Stlth   +++++        y - +6 ring of dexterity
HPRegen 0.31/turn    z - +6 ring of dexterity
MPRegen 0.16/turn

%: no teleportation, archmagi
@: flying, hasted, very quick
A: fangs 1, strong nose, distributed training
a: Renounce Religion, Potion Petition, Call Merchant, Bribe Branch


You were in the Dungeon.
You worshipped Gozag.
Gozag was pleased with you.
You visited 1 branch You collected 693 gold pieces.

Inventory:

Hand Weapons
 a - the +27 heavy crossbow "Sniper" (weapon) {heavy, Acc+∞ SInv}
   (You found it in the Dungeon)

   Acc+∞: It never misses its target.
   SInv:      It lets you see invisible.
 x - the +16 obsidian axe {drain, demonic, Mesm Drain Fly SInv}
   (You found it in the Dungeon)

   Mesm:      Its wielder is mesmerised by any visible foes, and it cannot be
   unequipped while any foes are visible.
   SInv:      It lets you see invisible.
   Fly:       It grants you flight.
   Drain:     It drains your maximum health when unequipped.
 C - the +6 shillelagh "Devastator" {shatter}
   (You found it in the Dungeon)
 D - the +8 storm bow {elec, penet}
   (You found it in the Dungeon)
Missiles
 d - 9 poisoned darts
 e - 3 curare-tipped darts
Armour
 c - a +0 cloak (worn)
 A - the +15 Maxwell's patent armour {-Cast -Tele rElec Will+ rCorr}
   (You found it in the Dungeon)

   rElec:     It insulates you from electricity.
   -Cast:     It prevents spellcasting.
   -Tele:     It prevents most forms of teleportation.
   rCorr:     It protects you from acid and corrosion.
   Will:      It increases your willpower.
 B - the +18 shield of the Gong {Loud rN+ Will+ rCorr EV-5}
   (You found it in the Dungeon)

   Loud:      It is deafeningly noisy when blocking attacks.
   EV:        It affects your evasion (-5).
   rN:        It protects you from negative energy.
   rCorr:     It protects you from acid and corrosion.
   Will:      It increases your willpower.
 E - +5 gold dragon scales
 F - the +2 robe of Lycipur (worn) {Fly Dex-4 SInv Archmagi}
   (You found it in the Dungeon)

   Dex:       It affects your dexterity (-4).
   SInv:      It lets you see invisible.
   Fly:       It grants you flight.
   Archmagi:  It increases the power of your magical spells.
Jewellery
 o - a ring of see invisible
 y - a +6 ring of dexterity (left hand)
 z - a +6 ring of dexterity (right hand)
Wands
 u - a wand of mindburst (7)
 v - a wand of iceblast (15)
 w - a wand of quicksilver (7)
Scrolls
 k - 4 scrolls of blinking
 q - 4 scrolls of amnesia
 r - 7 scrolls of fog
 s - 5 scrolls of identify
 t - 2 scrolls of fear
Potions
 f - 10 potions of curing
 g - 10 potions of heal wounds
 h - 4 potions of haste
 i - 7 potions of magic
 j - 3 potions of berserk rage
 l - 2 potions of brilliance
 m - 2 potions of invisibility
 n - 4 potions of resistance
 p - 5 potions of might


   Skills:
 + Level 8.4 Fighting
 + Level 8.4 Short Blades
 + Level 7.0 Long Blades
 + Level 7.0 Axes
 + Level 7.0 Maces & Flails
 + Level 7.0 Polearms
 + Level 7.0 Staves
 + Level 7.0 Ranged Weapons
 + Level 8.4 Throwing
 + Level 7.0 Armour
 + Level 7.5 Dodging
 + Level 10.5 Stealth
 + Level 7.0 Shields
 + Level 7.0 Unarmed Combat
 + Level 7.0 Spellcasting
 + Level 5.8 Conjurations
 + Level 5.8 Hexes
 + Level 5.8 Summonings
 + Level 5.8 Necromancy
 + Level 5.8 Translocations
 + Level 5.8 Transmutations
 + Level 5.8 Fire Magic
 + Level 5.8 Ice Magic
 + Level 5.8 Air Magic
 + Level 5.8 Earth Magic
 + Level 5.8 Poison Magic
 + Level 7.6 Invocations
 + Level 7.0 Evocations


You had 21 spell levels left.
You didn't know any spells.
Your spell library was empty.

Dungeon Overview and Level Annotations

Branches:
Dungeon (1/1)

Altars:
Ashenzari
Cheibriados
Dithmenos
Elyvilon
Fedhas
Gozag
Hepliaklqana
Kikubaaqudgha
Makhleb
Nemelex Xobeh
Okawaru
Qazlal
Ru
Sif Muna
Trog
Uskayaw
Vehumet
Wu Jian
Xom
Yredelemnul
Zin
The Shining One
Jiyva
Lugonu

Annotations:
D 1 transporter


Innate Abilities, Weirdness & Mutations

You have very sharp teeth.
Your uncanny sense of smell can sniff out nearby items.
Your experience applies equally to all skills.


Message History

You see here a +2 ring mail of fire resistance.
You see here a +0 robe.
There is a transporter here.
You start resting.
Magic restored.
Welcome to arena 3.
You enter the transporter and appear at another place.
A yaktaur and 3 centaurs come into view.
Found four items.
Found a transporter.
Unknown command.
Fire: a) +27 heavy crossbow "Sniper" {heavy, Acc+∞ SInv}
Press: ? - help, Q - select action, (/) - cycle Shift-Dir - straight line, f - yaktaur
Aim: a yaktaur (asleep, 100% to hit)
You shoot a bolt. The bolt hits the yaktaur!
The yaktaur shouts!
The yaktaur is moderately wounded.
The centaur shouts!
The centaur wields a +0 shortbow.
The centaur shoots an arrow.
The arrow hits you!
The centaur wields a +0 shortbow.
The centaur shoots an arrow.
The arrow hits you!
The centaur shoots an arrow.
The arrow closely misses you.
The centaur shoots an arrow.
The arrow completely misses you.
The centaur shoots an arrow.
The arrow barely misses you.
The centaur shoots an arrow.
The arrow closely misses you.
The centaur shoots an arrow.
The arrow hits you!
The yaktaur wields a +0 arbalest.
The yaktaur shoots a bolt.
The bolt hits you!!
The centaur shouts!
Unknown command.
Fire: a) +27 heavy crossbow "Sniper" {heavy, Acc+∞ SInv}
Press: ? - help, Q - select action, (/) - cycle Shift-Dir - straight line, f/p - yaktaur
Aim: a yaktaur, wielding a +0 arbalest (moderately wounded, 100% to hit)
Okay, then.
You feel yourself speed up.
The centaur shoots an arrow.
The arrow hits you!
* * * LOW HITPOINT WARNING * * *
The centaur shoots an arrow.
The arrow hits you.
* * * LOW HITPOINT WARNING * * *
The centaur wields a +0 shortbow.
The centaur shoots an arrow.
The arrow misses you.
The yaktaur shoots a bolt.
The bolt hits you!
You die...
Your body crumbles into a pile of gold.

▓▓▓▓▓▓▓▓▓▓▓▓▓▓▓▓▓▓▓
▓.8©8.▓.8©8.▓.8©8.▓
∆
▓.|:[.▓.)[[.▓.....▓
∆
▓..:..▓..)..▓.).).▓
▓.cccc▓.....▓.....▓
▓.....▓.....▓..)..▓
▓.....▓..(..▓..©..▓
▓..@..▓..©..▓▓▓▓▓▓▓
▓▓▓▓▓▓▓▓▓▓▓▓▓ ∆∆∆
∆∆∆ ∆ ∆ ∆ ∆


You could see a yaktaur and 3 centaurs.

Vanquished Creatures
  A two-headed ogre (D)
  A cyclops (D)
  A troll (D)
  2 ogres (D)
5 creatures vanquished.

Notes
Turn   | Place    | Note
-------+----------+-------------------------------------------
     0 | D        | FlurksSlurper the Gnoll Brigand began the quest for the
                  | Orb.
     0 | D        | Reached XP level 1. HP: 20/20 MP: 1/1
     0 | D        | Found a shimmering blue altar of Sif Muna.
     0 | D        | Found a bloodstained altar of Trog.
     0 | D        | Found a sacrificial altar of Ru.
     0 | D        | Found a stormy altar of Qazlal.
     0 | D        | Found an iron altar of Okawaru.
     1 | D        | Found a sparkling altar of Nemelex Xobeh.
     1 | D        | Found a blossoming altar of Fedhas.
     1 | D        | Found the +6 Majin-Bo {spellvamp, MP+6 Int+6}
     1 | D        | Found the +27 heavy crossbow "Sniper" {heavy, Acc+∞ SInv}
     1 | D        | Found the +10 dark maul {heavy}
     1 | D        | Found the +15 Maxwell's patent armour {-Cast -Tele rElec
                  | Will+ rCorr}
     1 | D        | Found the +18 shield of the Gong {Loud rN+ Will+ rCorr
                  | EV-5}
     1 | D        | Found the +16 obsidian axe {drain, demonic, Mesm Drain Fly
                  | SInv}
     1 | D        | Found the +7 great mace "Firestarter" {flame, immolate,
                  | rFlCloud rF++}
     1 | D        | Found the +6 shillelagh "Devastator" {shatter}
     1 | D        | Found the +11 plutonium sword {Contam Stlth-}
     1 | D        | Found the +8 lance "Wyrmbane" {slay drac, rPois rF+ rC+
                  | AC+3}
     1 | D        | Found the +9 sword of Zonguldrok {reap}
     1 | D        | Found the +13 scythe of Curses {drain, curses, Drain}
     1 | D        | Found the +9 sword of Power {lifebolt}
     1 | D        | Found the +7 mace of Variability {chaos, chaos arc}
     1 | D        | Found the +11 Singing Sword {sonic wave}
     1 | D        | Found the +8 storm bow {elec, penet}
     3 | D        | Found a transporter.
     3 | D        | Found an ancient bone altar of Kikubaaqudgha.
     3 | D        | Found a viscous altar of Jiyva.
     3 | D        | Found a corrupted altar of Lugonu.
     3 | D        | Found a hazy altar of Hepliaklqana.
     3 | D        | Found a burning altar of Makhleb.
     3 | D        | Found an opulent altar of Gozag.
    54 | D        | Became a worshipper of Gozag Ym Sagoz the Greedy
    61 | D        | Reached skill level 5 in Fighting
    61 | D        | Reached skill level 5 in Short Blades
    61 | D        | Reached skill level 5 in Throwing
    61 | D        | Reached skill level 8 in Stealth
    61 | D        | Reached XP level 2. HP: 27/27 MP: 1/5
   106 | D        | Entered arena 2.
   106 | D        | Noticed an ogre
   106 | D        | Noticed an ogre
   106 | D        | Found a transporter.
   108 | D        | Killed an ogre
   109 | D        | Reached XP level 3. HP: 34/34 MP: 6/8
   109 | D        | Reached XP level 4. HP: 40/40 MP: 6/9
   109 | D        | Killed an ogre
   110 | D        | Reached skill level 5 in Dodging
   110 | D        | Reached XP level 5. HP: 46/46 MP: 6/11
   119 | D        | Entered arena 3.
   119 | D        | Noticed a cyclops
   119 | D        | Noticed a two-headed ogre
   119 | D        | Noticed a troll
   119 | D        | Found a transporter.
   120 | D        | Killed a two-headed ogre
   121 | D        | Reached skill level 10 in Stealth
   121 | D        | Reached skill level 5 in Conjurations
   121 | D        | Reached skill level 5 in Hexes
   121 | D        | Reached skill level 5 in Summonings
   121 | D        | Reached skill level 5 in Necromancy
   121 | D        | Reached skill level 5 in Translocations
   121 | D        | Reached skill level 5 in Transmutations
   121 | D        | Reached skill level 5 in Fire Magic
   121 | D        | Reached skill level 5 in Ice Magic
   121 | D        | Reached skill level 5 in Air Magic
   121 | D        | Reached skill level 5 in Earth Magic
   121 | D        | Reached skill level 5 in Poison Magic
   121 | D        | Reached XP level 6. HP: 56/56 MP: 8/15
   121 | D        | Reached XP level 7. HP: 61/61 MP: 8/16
   121 | D        | Killed a troll
   122 | D        | Reached XP level 8. HP: 68/68 MP: 8/17
   123 | D        | Killed a cyclops
   132 | D        | Got the +2 robe of Lycipur {Fly Dex-4 SInv Archmagi}
   185 | D        | Entered arena 4.
   185 | D        | Noticed a yaktaur
   185 | D        | Found a transporter.
   187 | D        | Shot with a bolt by a yaktaur

Illustrated notes

Levels and vault maps discovered:
D:        sprint_v [room_start, room_1, room_2, room_3, room_4, room_5, room_6,
          room_7, room_8, room_9, room_10, room_11, room_12, room_13, room_14,
          room_15, room_16, room_17, room_18, room_19, room_20, room_21,
          room_22, room_23, room_24, room_25, room_26, room_27]

Skill      XL: |  1  2  3  4  5  6  7  8 |
---------------+-------------------------+-----
Fighting       | 5 6 7 8 |  8.4
Short Blades   | 5 6 7 8 |  8.4
Long Blades    | 2 3 4 6 7 |  7.0
Axes           | 2 3 4 6 7 |  7.0
Maces & Flails | 2 3 4 6 7 |  7.0
Polearms       | 2 3 4 6 7 |  7.0
Staves         | 2 3 4 6 7 |  7.0
Ranged Weapons | 2 3 4 6 7 |  7.0
Throwing       | 5 6 7 8 |  8.4
Armour         | 2 3 4 6 7 |  7.0
Dodging        | 3 4 5 6 7 |  7.5
Stealth        | 8 10 | 10.5
Shields        | 2 3 4 6 7 |  7.0
Unarmed Combat | 2 3 4 6 7 |  7.0
Spellcasting   | 2 3 4 6 7 |  7.0
Conjurations   | 2 3 5 |  5.8
Hexes          | 2 3 5 |  5.8
Summonings     | 2 3 5 |  5.8
Necromancy     | 2 3 5 |  5.8
Translocations | 2 3 5 |  5.8
Transmutations | 2 3 5 |  5.8
Fire Magic     | 2 3 5 |  5.8
Ice Magic      | 2 3 5 |  5.8
Air Magic      | 2 3 5 |  5.8
Earth Magic    | 2 3 5 |  5.8
Poison Magic   | 2 3 5 |  5.8
Invocations    | 2 3 4 6 7 |  7.6
Evocations     | 2 3 4 6 7 |  7.0

Action                     |  1- 3 |  4- 6 |  7- 9 || total
---------------------------+-------+-------+-------++-------
   Fire: Heavy crossbow    |     1 |     2 |     4 ||     7
    Use: Potion            |     2 |       |     1 ||     3
  Dodge: Dodged            |     1 |       |     5 ||     6

Table legend: (Time is in decaauts)
 A = Elapsed time spent in this place.
 B = Non-inter-level travel time spent in this place.
 C = Inter-level travel time spent in this place.
 D = Time resting spent in this place.
 E = Time spent auto-exploring this place.
 F = Levels seen in this place.
 G = Mean time per level.
                   A        B        C        D        E       F      G
               +--------+--------+--------+--------+--------+-----+--------+
         Total |    185 |    185 |      0 |     76 |      0 |   1 |  185.0 |
       Dungeon |    185 |    185 |      0 |     76 |      0 |   1 |  185.0 |
               +--------+--------+--------+--------+--------+-----+--------+

Top non-repeatable levels by time:
       D: 185 daAuts
